 Dungeon Crawl Stone Soup version 0.17.0-23-g0de4337 (webtiles) character file.

10836 imganon the Spear-Bearer (level 11, -1/83 HPs)
             Began as a Demonspawn Chaos Knight on Nov 14, 2015.
             Hit by a large rock thrown by a cyclops (33 damage)
             ... on level 11 of the Dungeon on Nov 15, 2015.
             The game lasted 00:34:20 (11516 turns).

imganon the Spear-Bearer (Demonspawn Chaos Knight) Turns: 11516, Time: 00:34:21

Health: -1/83      AC: 24    Str: 16    XL:     11   Next: 41%
Magic:  11/11      EV:  5    Int: 14    God:    Xom [.....*]
Gold:   954        SH:  0    Dex: 10    Spells: 0 memorised, 10 levels left

rFire  + . .     SeeInvis .     L - +1 trident (flame)
rCold  + . .     Clarity  .     P - +0 plate armour
rNeg   . . .     SustAt   +     (no shield)
rPois  .         Gourm    .     k - +2 hat
rElec  .         Spirit   .     J - +0 cloak
rCorr  .         Warding  .     (no gloves)
rMut   .         Stasis   .     r - +0 pair of boots
MR     .....                    (no amulet)
Stlth  ..........               I - ring of protection from cold
                                y - ring of sustain attributes

@: very slightly contaminated, invisible, not resistant to hostile enchantments,
extremely unstealthy
A: horns 2, rough black scales 2, blurry vision 1, fire resistance 1
a: Renounce Religion


You were on level 11 of the Dungeon.
You worshipped Xom.
You were Xom's teddy bear.
You were not hungry.

You visited 1 branch of the dungeon, and saw 11 of its levels.
You also visited: Ossuary.

You collected 954 gold pieces.

Inventory:

Hand Weapons
 w - a +2 halberd of protection
 F - a +3 trident
 L - a +1 trident of flaming (weapon)
Armour
 b - a +2 leather armour
 k - a +2 hat (worn)
 r - a +0 pair of boots (worn)
 J - a +0 cloak (worn)
 P - a +0 plate armour (worn)
Jewellery
 y - a ring of sustain attributes (left hand)
 I - a ring of protection from cold (right hand)
Wands
 o - a wand of invisibility (0)
 B - a wand of paralysis (0)
Scrolls
 e - 8 scrolls of identify
 f - 2 scrolls of fog
 i - 4 scrolls of amnesia
 j - 2 scrolls of recharging
 l - a scroll of blinking
 p - 5 scrolls of remove curse
 s - a scroll of enchant armour
 u - a scroll of teleportation
 D - a scroll of acquirement
 M - a scroll of enchant weapon
Potions
 a - a potion of might
 d - 4 potions of heal wounds
 n - a potion of magic
 q - 7 potions of curing
 t - 2 potions of agility
Miscellaneous
 E - a legendary deck of defence
Comestibles
 c - 2 bread rations
 h - 11 fruits
 m - 3 meat rations
 x - 15 royal jellies
 G - 2 beef jerkies
 N - 8 chunks of flesh


   Skills:
 + Level 6.5 Fighting
 - Level 14.4 Polearms
 + Level 5.7 Armour
 - Level 0.8 Dodging


You had 10 spell levels left.
You didn't know any spells.

Dungeon Overview and Level Annotations

Branches:
Dungeon (11/15)              Lair (0/8) D:11
 Temple: D:4-7          Orc: D:9-12

Altars:
Ashenzari
Gozag
Kikubaaqudgha
Makhleb
Okawaru
Qazlal
Vehumet
Xom
Zin

Shops:
D:8 *

Annotations:
D:4 Sigmund
D:11 AAAAA's ghost, journeyman HaWr


Innate Abilities, Weirdness & Mutations

You have a pair of horns on your head.
You are mostly covered in rough black scales (AC +7, Dex -2).
Your flesh is heat resistant.
Scrolls take you a little longer to read.


Message History

AAAAA's ghost turns its malevolent gaze towards you.
You barely miss the cyclops.
You headbutt the cyclops, but do no damage.
You catch the helpless cyclops completely off-guard!
You hit the cyclops. You burn the cyclops.
The cyclops is lightly wounded.
You hit the cyclops but do no damage. You headbutt the cyclops.
The cyclops is moderately wounded.
The cyclops hits you!
You catch the helpless cyclops completely off-guard!
You hit the cyclops. You burn the cyclops.
You headbutt the cyclops, but do no damage.
The cyclops is moderately wounded.
Unknown command.
Read which item? (? for menu, Esc to quit)
Okay, then.
The cyclops throws a large rock.
The large rock misses AAAAA's ghost.
The large rock hits you!!
You die...
Xom chortles!

#. #........ #. #........
#.. #........ .. #.l
#.......#### .... #...
#.......#.. #....
#...######.......'. #....
#..C...l.........# #...#
##....(.W.@.......#####...#
#.......(.........>........#
#..........................#
#........#####.............#
#####....# #.............#
#....# #####'#........
##.?.# ...#........ #...#
....#........ #...#
....#........


You could see a cyclops, an iguana and AAAAA's ghost.

Vanquished Creatures
  Maud (D:10)
  A hill giant (D:11)
  An ugly thing (D:11)
  The ghost of herpmino the Covert, a novice OpAs (D:6)
  A centaur zombie (D:11)
  Joseph (D:10)
  The ghost of JudasIscariot the Skirmisher, a novice DsFi (Ossuary)
  A wyvern (D:9)
  A hungry ghost (D:11)
  10 yaks
  5 hippogriffs
  2 wargs (D:11)
  Menkaure (D:7)
  4 orc warriors
  2 black bears
  3 ice beasts
  An ogre (D:5)
  2 sky beasts
  The ghost of imganon the Poker, an amateur DsCK of Xom (D:3)
  2 phantoms
  A crocodile (D:10)
  A wasp (D:11)
  2 centaurs
  6 giant frogs
  A big kobold (D:11)
  A water moccasin skeleton (D:11)
  3 scorpions
  4 water moccasin zombies (Ossuary)
  11 killer bees (D:9)
  6 wights
  2 jellies
  4 centaur skeletons
  A crimson imp (D:7)
  A giant frog zombie (D:8)
  6 hounds
  7 orc priests
  Ijyb (D:3)
  A giant frog skeleton (D:10)
  2 iguanas
  8 orc wizards
  6 worker ants
  A big kobold zombie (Ossuary)
  A mummy (Ossuary)
  2 hound zombies
  8 adders
  A worker ant zombie (D:10)
  8 gnolls
  6 shadow imps
  An ooze (D:5)
  8 adder zombies
  An adder skeleton (D:4)
  3 worms
  A giant gecko (shapeshifter) (D:3)
  40 orcs
  2 ball pythons
  12 bats
  7 goblins
  8 hobgoblins
  9 jackals
  9 kobolds
  A quokka (D:3)
  7 giant cockroaches
  3 giant geckos
  6 giant newts
  3 gnoll zombies (Ossuary)
  5 hobgoblin zombies (Ossuary)
  A jackal skeleton (D:6)
  A jackal zombie (D:6)
  A kobold zombie (Ossuary)
  4 orc zombies (Ossuary)
  A quokka skeleton (D:7)
  A quokka zombie (D:6)
  13 rats
  A rat zombie (D:6)
293 creatures vanquished.

Vanquished Creatures (collateral kills)
  A water moccasin zombie (Ossuary)
  A quasit (D:7)
  2 orc wizards (D:8)
  A mummy (Ossuary)
  2 adder zombies (Ossuary)
  A hobgoblin zombie (Ossuary)
  A kobold zombie (Ossuary)
9 creatures vanquished.

Vanquished Creatures (others)
  A hill giant (D:11)
  A water moccasin zombie (Ossuary)
  A giant newt (D:3)
  An orc zombie (Ossuary)
4 creatures vanquished.

Grand Total: 306 creatures vanquished

Notes
Turn   | Place    | Note
--------------------------------------------------------------
     0 | D:1      | imganon the Demonspawn Chaos Knight began the quest for the Orb.
     0 | D:1      | Reached XP level 1. HP: 18/18 MP: 1/1
   116 | D:1      | Gained mutation: You are partially covered in rough black scales (AC +4, Dex -1). [demonic ancestry]
   116 | D:1      | Reached XP level 2. HP: 18/24 MP: 2/2
   321 | D:1      | XOM: silly message
   427 | D:1      | Gained mutation: You are mostly covered in rough black scales (AC +7, Dex -2). [demonic ancestry]
   427 | D:1      | Reached XP level 3. HP: 29/29 MP: 3/3
   492 | D:2      | Reached skill level 4 in Polearms
   782 | D:2      | XOM: divination: detect items
  1092 | D:2      | XOM: divination: detect creatures
  1196 | D:2      | XOM: mild Conj miscast
  1214 | D:3      | Reached XP level 4. HP: 35/35 MP: 4/4
  1232 | D:3      | Noticed Ijyb
  1235 | D:3      | XOM: potion effect (brilliance)
  1267 | D:3      | Killed Ijyb
  1286 | D:3      | Reached skill level 5 in Polearms
  1294 | D:3      | Noticed imganon's ghost (amateur DsCK)
  1429 | D:3      | Found a faded altar to an unknown god.
  1511 | D:3      | XOM: confuse monster(s)
  1520 | D:3      | Killed imganon's ghost
  1520 | D:3      | Gained mutation: Your flesh is heat resistant. [demonic ancestry]
  1520 | D:3      | Reached XP level 5. HP: 41/41 MP: 5/5
  1708 | D:3      | XOM: mild Trmt miscast
  1815 | D:3      | XOM: cast spell 'Cause Fear'
  1856 | D:3      | XOM: silly message
  1872 | D:3      | XOM: divination: detect creatures
  1927 | D:3      | XOM: silly message
  2011 | D:4      | Reached skill level 6 in Polearms
  2038 | D:4      | XOM: silly message
  2040 | D:4      | Gained mutation: You have a pair of small horns on your head. [demonic ancestry]
  2040 | D:4      | Reached XP level 6. HP: 9/47 MP: 6/6
  2042 | D:4      | Gained mutation: You are completely covered in rough black scales (AC +10, Dex -3). [potion of beneficial mutation]
  2121 | D:4      | XOM: colour smoke trail
  2164 | D:4      | XOM: divination: magic mapping
  2550 | D:4      | Noticed a phantom
  2556 | D:4      | XOM: potion effect (berserk rage)
  2557 | D:4      | XOM: polymorph hound -> gnoll
  2592 | D:4      | Killed a phantom
  2592 | D:4      | Reached skill level 7 in Polearms
  2702 | D:4      | Noticed Sigmund
  2772 | D:3      | XOM: vitrification
  2802 | D:4      | XOM: swap monsters
  2827 | D:5      | Entered Level 5 of the Dungeon
  2992 | D:5      | Reached XP level 7. HP: 52/52 MP: 7/7
  3017 | D:5      | Found an opulent altar of Gozag.
  3210 | D:5      | Reached skill level 8 in Polearms
  3390 | D:6      | Found a sand-covered staircase.
  3405 | Ossuary  | Entered an ossuary
  3413 | Ossuary  | Noticed JudasIscariot's ghost (novice DsFi)
  3421 | Ossuary  | XOM: summons 7 friendly demons
  3428 | Ossuary  | Killed JudasIscariot's ghost
  3428 | Ossuary  | Reached skill level 9 in Polearms
  3428 | Ossuary  | Reached XP level 8. HP: 34/58 MP: 8/8
  3474 | Ossuary  | XOM: swap monsters
  3881 | Ossuary  | XOM: divine lightning
  3915 | Ossuary  | XOM: summons 2 friendly demons
  4083 | Ossuary  | XOM: summons 4 hostile demons
  4104 | D:6      | XOM: 2-stop teleportation journey
  4172 | D:6      | Found a glowing silver altar of Zin.
  4282 | D:6      | Noticed herpmino's ghost (novice OpAs)
  4301 | D:6      | Killed herpmino's ghost
  4301 | D:6      | Reached skill level 10 in Polearms
  4332 | D:6      | Found an iron altar of Okawaru.
  4407 | D:6      | XOM: cast spell 'Summon Butterflies'
  4533 | D:6      | Found a shimmering altar of Xom.
  4565 | D:6      | XOM: scenery: create altars
  4690 | D:6      | XOM: divination: detect creatures
  4739 | D:6      | XOM: god gift: legendary deck of cards {god gift}
  4867 | D:6      | Reached skill level 11 in Polearms
  4867 | D:6      | Reached XP level 9. HP: 15/63 MP: 9/9
  4875 | D:6      | XOM: god gift: 18 gold pieces
  5012 | D:6      | XOM: god gift: 270 gold pieces
  5180 | D:7      | Noticed Menkaure
  5186 | D:7      | Killed Menkaure
  5202 | D:7      | XOM: summons 9 friendly demons
  5240 | D:7      | Found a shattered altar of Ashenzari.
  5288 | D:7      | Found a stormy altar of Qazlal.
  5355 | D:7      | XOM: god gift: scroll labeled IKU UWOGHAEKH
  5543 | D:7      | XOM: cast spell 'Dragon Form'
  5572 | D:8      | Found Aly Tuy's Assorted Antiques.
  5720 | D:7      | Found an ancient bone altar of Kikubaaqudgha.
  5720 | D:7      | Found a burning altar of Makhleb.
  5931 | D:7      | XOM: mild Fire miscast
  5976 | D:8      | XOM: potion effect (berserk rage)
  5982 | D:8      | XOM: silly message
  5992 | D:8      | XOM: harmless Tloc miscast
  5995 | D:8      | Reached skill level 12 in Polearms
  6067 | D:8      | XOM: potion effect (agility)
  6763 | D:8      | XOM: potion effect (might)
  6777 | D:8      | XOM: divination: detect items
  7007 | D:7      | Gained mutation: You have large cloven feet. [potion of beneficial mutation]
  7008 | D:7      | Gained mutation: You have an increased reservoir of magic (+10% MP). [potion of beneficial mutation]
  7102 | D:8      | XOM: enchant monster (good)
  7190 | D:7      | XOM: divination: detect creatures
  7434 | D:8      | XOM: potion effect (haste)
  7653 | D:7      | Reached skill level 13 in Polearms
  7727 | D:8      | XOM: potion effect (berserk rage)
  7729 | D:8      | Reached XP level 10. HP: 70/70 MP: 11/11
  7813 | D:8      | XOM: cast spell 'Stoneskin'
  7821 | D:8      | XOM: noise
  7908 | D:8      | Identified 2 scrolls of acquirement
  8017 | D:9      | XOM: harmless Fire miscast
  8115 | D:9      | XOM: mild Tloc miscast
  8161 | D:9      | XOM: cast spell 'Discord'
  8173 | D:9      | XOM: potion effect (berserk rage)
  8308 | D:9      | XOM: potion effect (haste)
  8546 | D:9      | XOM: potion effect (berserk rage)
  8570 | D:9      | Reached skill level 14 in Polearms
  8669 | D:9      | Found a radiant altar of Vehumet.
  8735 | D:9      | XOM: potion effect (invisibility)
  8738 | D:9      | XOM: potion effect (berserk rage)
  8774 | D:9      | XOM: colour smoke trail
  8813 | D:9      | XOM: silly message
  8933 | D:9      | XOM: silly message
  9165 | D:10     | Entered Level 10 of the Dungeon
  9224 | D:10     | XOM: potion effect (might)
  9582 | D:10     | XOM: divination: detect creatures
  9775 | D:10     | Noticed Joseph
  9778 | D:10     | XOM: potion effect (curing)
  9779 | D:10     | XOM: potion effect (might)
  9787 | D:10     | Killed Joseph
 10054 | D:10     | XOM: mild Trmt miscast
 10087 | D:10     | Noticed Maud
 10122 | D:9      | XOM: potion effect (invisibility)
 10128 | D:9      | Reached XP level 11. HP: 23/78 MP: 12/12
 10450 | D:10     | XOM: divination: detect creatures
 10464 | D:10     | XOM: enchant monster (good)
 10469 | D:10     | XOM: cast spell 'Confusing Touch'
 10471 | D:10     | XOM: summons friendly crimson imp
 10478 | D:10     | XOM: summons friendly ufetubus
 10498 | D:10     | XOM: noise
 10504 | D:10     | XOM: harmless Necr miscast
 10512 | D:10     | XOM: medium Erth miscast
 10538 | D:10     | XOM: enchant monster (good)
 10546 | D:10     | XOM: medium Tloc miscast
 10555 | D:10     | XOM: cast spell 'Summon Dragon'
 10556 | D:10     | XOM: silly message
 10562 | D:10     | Killed Maud
 10562 | D:10     | Reached skill level 5 in Fighting
 10795 | D:11     | XOM is BORED!
 10795 | D:11     | XOM: enchant monster (bad)
 10874 | D:11     | XOM: harmless Air miscast
 10917 | D:11     | XOM: enchant monster (bad)
 10921 | D:11     | XOM: blink monster(s)
 10923 | D:11     | XOM: divine lightning (protected)
 10931 | D:11     | Reached skill level 5 in Armour
 10933 | D:11     | Noticed a hill giant
 10942 | D:10     | XOM: give mutations
 10942 | D:10     | Gained mutation: You can breathe flames. [Xom's grace]
 10942 | D:10     | Gained mutation: Your muscles are strong. (Str +2) [Xom's grace]
 11081 | D:10     | XOM: god gift: 14 royal jellies
 11152 | D:11     | Noticed a hill giant
 11156 | D:11     | Killed a hill giant
 11156 | D:11     | XOM: divine lightning (protected)
 11294 | D:11     | Killed a hill giant
 11362 | D:11     | Lost mutation: You are completely covered in rough black scales (AC +10, Dex -3). [potion of mutation]
 11362 | D:11     | Gained mutation: Scrolls take you a little longer to read. [potion of mutation]
 11362 | D:11     | Gained mutation: You have a pair of horns on your head. [potion of mutation]
 11365 | D:11     | Lost mutation: You can breathe flames. [potion of cure mutation]
 11365 | D:11     | Lost mutation: You have an increased reservoir of magic (+10% MP). [potion of cure mutation]
 11365 | D:11     | Lost mutation: Your muscles are strong. (Str +2) [potion of cure mutation]
 11365 | D:11     | Lost mutation: You have large cloven feet. [potion of cure mutation]
 11396 | D:11     | XOM: god gift: 44 gold pieces
 11418 | D:11     | Found a staircase to the Lair.
 11508 | D:11     | Noticed AAAAA's ghost (journeyman HaWr)
 11516 | D:11     | Hit by a large rock thrown by a cyclops

Action                   |  1- 3 |  4- 6 |  7- 9 | 10-12 || total
-------------------------+-------+-------+-------+-------++-------
Melee: Spear             |   144 |   233 |   526 |       ||   903
       Unarmed           |       |    12 |     9 |       ||    21
       Trident           |       |       |    95 |   527 ||   622
Evoke: Wand              |       |       |     2 |     6 ||     8
  Use: Potion            |       |     8 |     3 |     7 ||    18
       Scroll            |       |       |     4 |    11 ||    15
 Stab: Sleeping          |     2 |       |       |       ||     2
       Paralysed         |     5 |    20 |    20 |    10 ||    55
       Confused          |       |     2 |     1 |       ||     3
       Petrifying        |       |     1 |       |       ||     1
       Invisible         |       |       |     4 |    13 ||    17
       Distracted        |       |       |       |     1 ||     1
  Eat: Chunk             |     1 |     7 |     4 |    10 ||    22
       Pizza             |       |       |     2 |       ||     2
       Bread ration      |       |       |     2 |     1 ||     3
       Meat ration       |       |       |       |     1 ||     1
